 Dungeon Crawl Stone Soup version 0.29.0-5-ge4962eb29e (webtiles) character file.

Game seed: 10454784305657820623

212 snarfax the Ruffian (level 5, -8/53 HPs)
             Began as a Troll Berserker on Aug 29, 2022.
             Was a Believer of Trog.
             Killed by divine providence
             ... invoked by an orc priest
              (10 damage)
             ... on level 4 of the Dungeon.
             The game lasted 00:04:49 (2643 turns).

snarfax the Ruffian (Troll Berserker)               Turns: 2643, Time: 00:04:50

Health: -8/53      AC:  4    Str: 25    XL:     5   Next: 58%
Magic:  4/4        EV: 10    Int:  5    God:    Trog [**....]
Gold:   240        SH:  0    Dex:  9    Spells: 4/4 levels left

rFire   . . .      SeeInvis .     - Unarmed
rCold   . . .      Faith    .   (no shield)
rNeg    . . .      Spirit   .   a - +0 animal skin
rPois   .          Reflect  .   (helmet restricted)
rElec   .          Harm     .   (no cloak)
rCorr   .          Rampage  .   (gloves unavailable)
Will    .....                   (boots unavailable)
Stlth   +.........              (no amulet)
HPRegen 0.97/turn               (no ring)
MPRegen 0.09/turn               (no ring)

@: no status effects
A: large, unfitting armour, claws 3, regeneration 1, shaggy fur 1, tough skin 1
a: Renounce Religion, Berserk, Trog's Hand


You were on level 4 of the Dungeon.
You worshipped Trog.
Trog was pleased with you.
You visited 1 branch of the dungeon, and saw 4 of its levels.

You collected 240 gold pieces.

Inventory:

Missiles
 g - 8 boomerangs (quivered)
Armour
 a - a +0 animal skin (worn)
Jewellery
 i - a ring of fire
 l - a ring of flight
Scrolls
 b - 2 scrolls of torment
 c - 2 scrolls of identify
 e - a scroll of teleportation {unknown}
 k - a scroll of poison {unknown}
Potions
 d - 3 potions of mutation
 f - a potion of haste
 h - 2 potions of flight {unknown}
 j - a potion of brilliance {unknown}
 m - a potion of curing {unknown}
 n - a potion of berserk rage {unknown}


   Skills:
 + Level 3.3 Fighting
 + Level 3.3 Dodging
 * Level 5.0 Unarmed Combat


You had 4 spell levels left.
You didn't know any spells.
Your spell library was empty.

Dungeon Overview and Level Annotations

Branches:
Dungeon (4/15)
 Temple: D:4-7

Altars:
Gozag
Wu Jian
Zin


Innate Abilities, Weirdness & Mutations

You are too large for most types of armour.
You have claws for hands.
Your natural rate of healing is unusually fast.
You are covered in fur. (AC +1)
You have tough skin. (AC +1)


Message History

The hound is lightly wounded.
The hound bites you but does no damage. x2
You claw the hound!
The hound is heavily wounded.
The hound bites you.
The orc priest mumbles some strange prayers to Beogh against you.
Beogh smites you!
You scratch the hound.
The hound is severely wounded.
The hound bites you but does no damage.
You scratch the hound.
The hound is severely wounded.
The hound bites you. The hound bites you but does no damage.
The orc priest invokes the aid of Beogh against you.
Beogh smites you!
You are too injured to fight recklessly!
You closely miss the hound.
The hound is severely wounded.
The hound bites you.
The orc priest looks braver for a moment.
You claw the hound!
You kill the hound!
Trog accepts your kill.
Your Unarmed Combat skill increases to level 5!
The orc priest closely misses you.
The orc priest calls down the wrath of Beogh upon you.
You barely resist.
Things that are here:
a +0 dagger; a +0 robe; an orc corpse You barely miss the orc priest.
The orc priest calls down the wrath of Beogh upon you.
Beogh smites you!
* * * LOW HITPOINT WARNING * * *
The orc priest barely misses you.
You barely miss the orc priest.
The orc priest hits you with a +0 morningstar!
* * * LOW HITPOINT WARNING * * *
The orc priest calls down the wrath of Beogh upon you.
Beogh smites you!
You die...

### #.. ###.# ..#.#
#.#.# #####.#.#
.....#o####
#####..#@o..# #
........##### .##
#####...# . #.#
#.'###### . #.#
#.#...#.###. ##.#
#.#.#.#....### ##..##
#.#.#...##.#.###.....
..#.##...#.#....##.##
###....#.#.#.#####.#


You could see 2 orc priests.

Vanquished Creatures
  A hound (D:4)
  5 gnolls
  4 adders
  An ufetubus (D:4)
  2 worms
  2 dart slugs (D:2)
  7 bats
  3 endoplasms
  3 giant cockroaches
  9 goblins
  5 hobgoblins
  5 kobolds
  A quokka (D:2)
  7 ball pythons
  4 frilled lizards
  4 rats
63 creatures vanquished.

Vanquished Creatures (others)
  An orc wizard (D:4)
1 creature vanquished.

Grand Total: 64 creatures vanquished

Notes
Turn   | Place    | Note
-------+----------+-------------------------------------------
     0 | D:1      | snarfax the Troll Berserker began the quest for the Orb.
     0 | D:1      | Reached XP level 1. HP: 22/22 MP: 0/0
   120 | D:1      | Reached XP level 2. HP: 29/29 MP: 1/1
   282 | D:1      | Found a faded altar of an unknown god.
   500 | D:1      | Reached XP level 3. HP: 36/36 MP: 2/2
   728 | D:2      | Found an opulent altar of Gozag.
   904 | D:2      | Reached ** piety under Trog
  1103 | D:2      | Reached skill level 4 in Unarmed Combat
  1217 | D:2      | Reached XP level 4. HP: 44/44 MP: 3/3
  1725 | D:3      | Reached XP level 5. HP: 27/53 MP: 4/4
  2150 | D:3      | Found a glowing silver altar of Zin.
  2377 | D:3      | Identified the +3 leather armour "Reutiamp" {Dex+2}
  2617 | D:4      | Found an ornate altar of the Wu Jian Council.
  2641 | D:4      | Reached skill level 5 in Unarmed Combat
  2643 | D:4      | HP: 2/53 [orc priest/+0 morningstar (10)]
  2643 | D:4      | Killed from afar by an orc priest

Illustrated notes

Levels and vault maps discovered:
D:1:      minmay_arrival_plants_in_alcoves, layout_loops_ring,
          basic_ecumenical_altar, minmay_indecisive_spiral
D:2:      layout_basic, basic_altar, minmay_heptomino_o4
D:3:      layout_loops_corners, zin_scriptorium, minmay_between
D:4:      layout_loops_ring, mainiacjoe_overflow_swirl

Skill      XL: |  1  2  3  4  5 |
---------------+----------------+-----
Unarmed Combat | 4 5 |  5.0
Dodging        | 3 |  3.3
Fighting       | 3 |  3.3

Action                   |  1- 3 |  4- 6 || total
-------------------------+-------+-------++-------
Melee: Unarmed           |   103 |    81 ||   184
       Punch             |       |     1 ||     1
Invok: Berserk           |     1 |     1 ||     2
  Use: Scroll            |     3 |       ||     3
 Stab: Sleeping          |     1 |     1 ||     2
Armor: Animal skin       |    31 |    23 ||    54
Dodge: Dodged            |    50 |    44 ||    94
